 Dungeon Crawl Stone Soup version 0.23.2-1-ga50397a6bc (webtiles) character file.

Game seed: 14262589386095644485

644 Mrkan the Ruffian (level 7, 69/71 HPs)
             Began as a Troll Monk on May 18, 2019.
             Was an Initiate of Gozag.
             Starved to death
             ... on level 5 of the Dungeon.
             The game lasted 00:04:25 (3353 turns).

Mrkan the Ruffian (Troll Monk)                      Turns: 3353, Time: 00:04:26

Health: 69/71      AC:  6    Str: 22    XL:     7   Next: 27%
Magic:  6/6        EV: 10    Int:  6    God:    Gozag
Gold:   528        SH:  0    Dex: 12    Spells: 6/6 levels left

rFire    . . .     SeeInvis .     - Unarmed
rCold    . . .     Gourm    +   (no shield)
rNeg     . . .     Faith    .   a - +0 robe
rPois    .         Spirit   .   (helmet restricted)
rElec    .         Reflect  .   (no cloak)
rCorr    .         Harm     .   (gloves unavailable)
MR       .....                  (boots unavailable)
Stlth    ++........             (no amulet)
HPRegen  0.61/turn              (no ring)
MPRegen  0.10/turn              (no ring)

@: gold aura, fainting
A: large, unfitting armour, claws 3, fast metabolism 3, gourmand, regeneration
1, shaggy fur 1, tough skin 3
a: Potion Petition, Call Merchant, Bribe Branch, Renounce Religion


You were on level 5 of the Dungeon.
You worshipped Gozag.
Gozag was pleased with you.
You were fainting.

You visited 1 branch of the dungeon, and saw 5 of its levels.

You collected 528 gold pieces.

Inventory:

Armour
 a - a +0 robe (worn)
 e - a +2 robe of magic resistance
Jewellery
 j - an uncursed ring of resist corrosion {unknown}
 u - a +5 ring of slaying {unknown}
Wands
 i - a wand of paralysis (5)
 l - a wand of flame (19)
 n - a wand of clouds (4)
Scrolls
 d - 5 scrolls of remove curse {unknown}
 f - 5 scrolls of identify {unknown}
 g - 2 scrolls of magic mapping {unknown}
 k - a scroll of fear {unknown}
 m - a scroll of enchant weapon {unknown}
 t - 2 scrolls of blinking {unknown}
Potions
 c - a potion of haste {unknown}
 h - a potion of curing {unknown}
 o - a potion of heal wounds {unknown}
 p - a potion of berserk rage {unknown}
 q - 2 potions of brilliance {unknown}
 r - a potion of lignification {unknown}
 s - a potion of magic {unknown}


   Skills:
 + Level 4.4 Fighting
 - Level 2.4 Dodging
 - Level 1.0 Stealth
 * Level 7.1 Unarmed Combat


You had 6 spell levels left.
You didn't know any spells.
Your spell library contained the following spells:

 Spells                   Type           Power        Failure   Level  Hunger
 Magic Dart               Conj           #...         45%         1    ##.....
 Searing Ray              Conj           #.....       58%         2    ###....
 Dazzling Spray           Conj/Hex       #.....       83%         3    ####...
 Force Lance              Conj/Tloc      #.......     99%         4    #####..
 Fulminant Prism          Conj/Hex       #.........   99%         4    #####..
 Iskenderun's Mystic Bla  Conj           #.......     99%         4    #####..


Dungeon Overview and Level Annotations

Branches:
Dungeon (5/15)
 Temple: D:4-7

Altars:
Fedhas
Gozag

Annotations:
D:2 exclusion: oklob plant


Innate Abilities, Weirdness & Mutations

You are too large for most types of armour.
You have claws for hands.
Your metabolism is lightning-fast.
You like to eat raw meat.
Your natural rate of healing is unusually fast.
You are covered in fur. (AC +1)
You have extremely tough skin. (AC +3)


Message History

You are fainting from starvation!
Found a flail.
Found 28 stones.
A worker ant comes into view.
A giant cockroach comes into view.
The giant cockroach misses you.
Found a stone staircase leading up.
The giant cockroach bites you but does no damage.
Found a scroll labeled RAGIHU VEJO.
You scratch the giant cockroach.
The giant cockroach is severely wounded.
The giant cockroach bites you.
You closely miss the giant cockroach.
The giant cockroach is severely wounded.
The giant cockroach bites you.
You claw the giant cockroach!
You kill the giant cockroach!
You have starved to death.
You die...
Your body crumbles into a pile of gold.

#.#.#.##.### #.#
#.#.#.#...## #.#
#.#.#....).#####.#
####.#.#............#
#......##.....#####.#
#.##.......(.## #...
#.##..###.#.## ##..
.###...$.# #.#.# ##.
?......@.# #.... #.
####.##.........# #.
...<..#####...# #.
#.#.#### #. #.# #.


There were no monsters in sight!

Vanquished Creatures
  2 ogres (D:4)
  A phantom (D:2)
  A howler monkey (D:5)
  2 orc wizards (D:3)
  Ijyb (D:3)
  Terence (D:2)
  2 iguanas (D:4)
  2 worker ants (D:4)
  A hound skeleton (D:4)
  6 adders
  3 worms
  7 orcs (D:3)
  6 bats
  4 giant cockroaches
  16 goblins
  5 hobgoblins
  5 kobolds
  2 ball pythons
  8 frilled lizards
  A jackal skeleton (D:4)
  A quokka skeleton (D:4)
  4 rats
81 creatures vanquished.

Notes
Turn   | Place    | Note
-------+----------+-------------------------------------------
     0 | D:1      | Mrkan the Troll Monk began the quest for the Orb.
     0 | D:1      | Reached XP level 1. HP: 22/22 MP: 0/0
   420 | D:1      | Reached XP level 2. HP: 29/29 MP: 1/1
  1038 | D:2      | Reached XP level 3. HP: 36/36 MP: 2/2
  1051 | D:2      | Noticed a phantom
  1052 | D:2      | Found a faded altar of an unknown god.
  1063 | D:2      | Reached skill level 4 in Unarmed Combat
  1117 | D:2      | Killed a phantom
  1117 | D:2      | Reached XP level 4. HP: 30/45 MP: 3/3
  1126 | D:2      | Became a worshipper of Gozag Ym Sagoz the Greedy
  1209 | D:2      | Reached skill level 5 in Unarmed Combat
  1260 | D:2      | Found a blossoming altar of Fedhas.
  1279 | D:2      | Noticed an oklob plant
  1354 | D:2      | Reached XP level 5. HP: 53/53 MP: 4/4
  1444 | D:2      | Noticed Terence
  1454 | D:2      | Killed Terence
  1837 | D:3      | Reached XP level 6. HP: 62/62 MP: 5/5
  1850 | D:3      | Noticed Ijyb
  1857 | D:3      | Killed Ijyb
  2063 | D:3      | Reached skill level 6 in Unarmed Combat
  2426 | D:4      | Reached XP level 7. HP: 43/70 MP: 6/6
  2847 | D:4      | Reached skill level 7 in Unarmed Combat
  3257 | D:5      | Entered Level 5 of the Dungeon
  3353 | D:5      | Starved to death

Skill      XL: |  1  2  3  4  5  6  7 |
---------------+----------------------+-----
Unarmed Combat | 4 5 6 7 |  7.1
Fighting       | 3 4 |  4.4
Dodging        | |  2.4
Stealth        | |  1.0

Action                   |  1- 3 |  4- 6 |  7- 9 || total
-------------------------+-------+-------+-------++-------
Melee: Unarmed           |    75 |   128 |    23 ||   226
       Punch             |       |     1 |       ||     1
 Stab: Sleeping          |     3 |     1 |       ||     4
  Eat: Chunk             |     8 |       |       ||     8
       Ration            |       |     3 |     2 ||     5
Armor: Robe              |    26 |    44 |     4 ||    74
Dodge: Dodged            |    32 |    69 |    10 ||   111
